 Dungeon Crawl Stone Soup version 0.27-a0-1529-g1e82c303ef (webtiles) character file.

Game seed: 8869445398712071166

65 blackman the Shooter (level 4, 0/32 HPs)
             Began as a Human Wanderer on July 11, 2021.
             Was an Initiate of Gozag.
             Slain by Grinder (5 damage)
             ... while paralysed by Grinder
             ... on level 3 of the Dungeon.
             The game lasted 00:06:01 (3357 turns).

blackman the Shooter (Human Wanderer)               Turns: 3357, Time: 00:06:01

Health: 0/32       AC:  2    Str: 15    XL:     4   Next: 35%
Magic:  4/4        EV:  2    Int:  9    God:    Gozag
Gold:   80         SH:  0    Dex: 14    Spells: 3/3 levels left

rFire    . . .     SeeInvis .   d - +0 dagger
rCold    . . .     Faith    .   (no shield)
rNeg     . . .     Spirit   .   c - +0 robe
rPois    .         Reflect  .   (no helmet)
rElec    .         Harm     .   (no cloak)
rCorr    .         Rampage  .   (no gloves)
Will     .....                  (no boots)
Stlth    ++........             (no amulet)
HPRegen  0.10/turn              (no ring)
MPRegen  0.09/turn              (no ring)

@: paralysed
A: no striking features
a: Renounce Religion, Potion Petition, Call Merchant, Bribe Branch


You were on level 3 of the Dungeon.
You worshipped Gozag.
Gozag was noncommittal.
You visited 1 branch of the dungeon, and saw 3 of its levels.

You collected 115 gold pieces.
You paid 35 gold pieces to Gozag.

Inventory:

Hand Weapons
 a - a +2 shortbow
 d - a +0 dagger (weapon)
Missiles
 b - 7 arrows
 g - 15 poisoned darts
 o - 2 boomerangs (quivered)
Armour
 c - a +0 robe (worn)
Scrolls
 f - a scroll of enchant armour {unknown}
 j - a scroll of holy word {unknown}
 m - a scroll of torment
 n - a scroll of amnesia
 r - a scroll of fear {unknown}
Potions
 h - a potion of cancellation {unknown}
 i - a potion of heal wounds
 k - a potion of resistance {unknown}
 l - a potion of lignification {unknown}
 p - a potion of attraction {unknown}
 q - a potion of berserk rage {unknown}


   Skills:
 - Level 1.0 Fighting
 * Level 4.9 Bows
 - Level 2.0 Armour
 - Level 2.0 Stealth
 - Level 2.0 Evocations


You had 3 spell levels left.
You didn't know any spells.
Your spell library contained the following spells:

 Spells                   Type           Power      Damage    Failure   Level
 Corona                   Hex            0%         N/A       38%         1
 Sting                    Tmut/Pois      0%         1d3       38%         1
 Blink                    Tloc           N/A        N/A       52%         2
 Passwall                 Tmut/Erth      0%         N/A       52%         2
 Confusing Touch          Hex            0%         N/A       77%         3
 Ignite Poison            Fire/Tmut/Pois 0%         N/A       77%         3
 Lesser Beckoning         Tloc           0%         N/A       77%         3
 Swiftness                Air            0%         N/A       77%         3
 Manifold Assault         Tloc           0%         N/A       100%        5
 Invisibility             Hex            0%         N/A       100%        6
 Storm Form               Tmut/Air       0%         N/A       100%        7


Dungeon Overview and Level Annotations

Branches:
Dungeon (3/15)

Altars:
Gozag
Sif Muna
Xom
Yredelemnul

Annotations:
D:3 Grinder


Message History

Grinder blinks!
You can move again.
There is a collapsed entrance here.
You can't go down here!
You can't go down here!
You can't go down here!
You can't go down here!
You can't go down here!
Grinder says, "Just stop there for a second..."
You enter the shallow water.
Moving in this stuff is going to be slow.
Grinder gestures at you.
You suddenly lose the ability to move!
Grinder gestures at you. You resist with significant effort.
You can move again.
Grinder gestures at you. You resist with significant effort.
Unknown command.
Grinder gestures at you. You resist with significant effort.
Grinder gestures at you.
You suddenly lose the ability to move!
Grinder says, "Don't move a muscle."
Grinder gestures at you.
You shrug off the repeated paralysis!
You can move again.
Grinder blinks!
You see here 3 gold pieces.
Grinder barely misses you.
There is a stone staircase leading up, spattered with blood here.
Grinder gestures at you.
You suddenly lose the ability to move!
Grinder hits you!
You writhe in agony.
Grinder hits you.
You writhe in agony.
Grinder hits you.
* * * LOW HITPOINT WARNING * * *
You writhe in agony.
You die...
Your body crumbles into a pile of gold.

........# ##.## ###.# ≈≈≈≈≈##.#
#...# #...# ≈≈≈≈≈##.# #...#
#.#.# .....≈≈.# ##### #...#
#.#.# (....≈≈.# #...# ##.##
#.#.# .....≈≈.######...####.#
##.#.#
.(...≈≈............##.#####....#
.≈...≈≈.#.##....5<.........†#..#
≈≈.≈≈##.#.##....@..##.#####...##
≈≈≈≈≈##.....##...####...# ##.##
.$......#.#.##...####>#.####.#
......................#...##.#
........#.#..######.#####....#
.#####.......# #...#...#### .#
#.##.##.# ###.#.### .# #....##.#
#...# .# #.#####.# #####


You could see Grinder.

Vanquished Creatures
  An adder (D:2)
  4 worms
  3 bats
  6 endoplasms
  4 giant cockroaches
  4 hobgoblins
  2 jackals (D:2)
  2 kobolds (D:1)
  2 quokkas (D:1)
  4 ball pythons
  3 frilled lizards
  2 goblins
  A rat (D:1)
38 creatures vanquished.

Notes
Turn   | Place    | Note
-------+----------+-------------------------------------------
     0 | D:1      | blackman the Human Wanderer began the quest for the Orb.
     0 | D:1      | blackman set off with the following items: a +2 shortbow,
                  | 23 arrows, a +0 robe, a +0 dagger; and the following spells
                  | available to memorise: Corona, Sting, Confusing Touch,
                  | Ignite Poison
     0 | D:1      | Reached XP level 1. HP: 15/15 MP: 1/1
   105 | D:1      | Reached XP level 2. HP: 15/21 MP: 2/2
   566 | D:1      | Reached skill level 4 in Bows
   566 | D:1      | Reached XP level 3. HP: 26/26 MP: 3/3
   566 | D:1      | Found a faded altar of an unknown god.
   764 | D:2      | Found a shimmering altar of Xom.
  1417 | D:3      | Reached XP level 4. HP: 32/32 MP: 4/4
  1440 | D:3      | Found an opulent altar of Gozag.
  1440 | D:3      | Found a basalt altar of Yredelemnul.
  1441 | D:3      | Found a shimmering blue altar of Sif Muna.
  1446 | D:3      | Became a worshipper of Gozag Ym Sagoz the Greedy
  1496 | D:3      | Found a glowing drain.
  1500 | D:3      | Noticed Grinder
  3328 | D:3      | Paralysed by Grinder for 2 turns
  3333 | D:3      | Paralysed by Grinder for 3 turns
  3341 | D:3      | Paralysed by Grinder for 6 turns
  3353 | D:3      | Paralysed by Grinder for 7 turns
  3357 | D:3      | Slain by Grinder

Illustrated notes

Levels and vault maps discovered:
D:1:      heliophobic_arrival_dark_side_of_the_moon, layout_basic,
          basic_ecumenical_altar, hangedman_decor_diamond_cutter, minivault_4
D:2:      layout_basic, basic_altar
D:3:      layout_loops_ring, chequers_temple_overflow_statue_of_worship,
          cheibrodos_sewer_entry_sluice, uniq_grinder

Skill      XL: |  1  2 |
---------------+-------+-----
Bows           | 4 |  4.9
Fighting       | |  1.0
Armour         | |  2.0
Stealth        | |  2.0
Evocations     | |  2.0

Action                   |  1- 3 |  4- 6 || total
-------------------------+-------+-------++-------
Melee: Dagger            |       |    23 ||    23
 Fire: Shortbow          |    77 |    14 ||    91
Throw: Boomerang         |       |     3 ||     3
  Use: Scroll            |       |     4 ||     4
       Potion            |       |     1 ||     1
Armor: Robe              |     3 |     8 ||    11
Dodge: Dodged            |     6 |    21 ||    27

Table legend: (Time is in decaauts)
 A = Elapsed time spent in this place.
 B = Non-inter-level travel time spent in this place.
 C = Inter-level travel time spent in this place.
 D = Time resting spent in this place.
 E = Time spent auto-exploring this place.
 F = Levels seen in this place.
 G = Mean time per level.
                   A        B        C        D        E       F      G
               +--------+--------+--------+--------+--------+-----+--------+
         Total |   3372 |   3133 |    239 |   1576 |   1189 |   3 | 1124.0 |
       Dungeon |   3372 |   3133 |    239 |   1576 |   1189 |   3 | 1124.0 |
               +--------+--------+--------+--------+--------+-----+--------+

Top non-repeatable levels by time:
     D:2: 2318 daAuts
     D:1: 743 daAuts
     D:3: 310 daAuts
